 Dungeon Crawl Stone Soup version 0.24-a0-279-ga7546fe674 (webtiles) character file.

Game seed: 15264564297676916661

11 JoanKharjo the Vexing (level 2, -2/21 HPs)
             Began as a Demonspawn Arcane Marksman on May 1, 2019.
             Slain by a hobgoblin (5 damage)
             ... on level 1 of the Dungeon.
             The game lasted 00:03:50 (660 turns).

JoanKharjo the Vexing (Demonspawn Arcane Marksman)   Turns: 660, Time: 00:03:51

Health: -2/21      AC:  2    Str: 10    XL:     2   Next: 13%
Magic:  3/3        EV: 12    Int: 14    God:
Gold:   17         SH:  0    Dex: 13    Spells: 2/3 levels left

rFire    . . .     SeeInvis .   c - -2 hunting sling (curse)
rCold    . . .     Gourm    .   (no shield)
rNeg     . . .     Faith    .   e - +0 robe
rPois    .         Spirit   .   (helmet restricted)
rElec    .         Reflect  .   (no cloak)
rCorr    .         Harm     .   (no gloves)
MR       .....                  (no boots)
Stlth    +.........             (no amulet)
HPRegen  0.07/turn              (no ring)
MPRegen  0.08/turn              (no ring)

@: no status effects
A: horns 1
a: no special abilities


You were on level 1 of the Dungeon.
You were not hungry.

You visited 1 branch of the dungeon, and saw 1 of its levels.

You collected 17 gold pieces.

Inventory:

Hand Weapons
 a - a +0 shortbow
 c - a cursed -2 hunting sling (weapon)
 i - a +0 dagger
Missiles
 d - 20 arrows
Armour
 e - a +0 robe (worn)
Potions
 h - a potion of heal wounds {unknown}
 j - a potion of mutation {unknown}
Comestibles
 f - 3 rations


   Skills:
 - Level 1.0 Fighting
 + Level 2.6 Bows
 - Level 1.7 Dodging
 - Level 1.0 Spellcasting
 - Level 3.0 Hexes


You had 2 spell levels left.
You knew the following spells:

 Your Spells              Type           Power        Failure   Level  Hunger
a - Corona                Hex            #......      8%          1    ##.....

Your spell library contained the following spells:

 Spells                   Type           Power        Failure   Level  Hunger
 Slow                     Hex            #.......     12%         2    ###....
 Inner Flame              Hex/Fire       #.......     38%         3    ####...
 Portal Projectile        Hex/Tloc       #.....       38%         3    ####...
 Cause Fear               Hex            #.........   58%         4    #####..
 Leda's Liquefaction      Hex/Erth       #.........   80%         4    #####..


Dungeon Overview and Level Annotations

Branches:
Dungeon (1/15)

Altars:


Innate Abilities, Weirdness & Mutations

You have a pair of small horns on your head.


Message History

Found a spear.
Found a stone staircase leading down.
A hobgoblin comes into view. It is wielding a +0 club.
The hobgoblin shouts!
A kobold comes into view.
The kobold shouts!
Found an emerald potion.
You see here an emerald potion.
Found an amethyst potion.
The kobold throws a stone.
The stone hits you.
* * * LOW HITPOINT WARNING * * *
You see here a stone.
The kobold throws a stone.
The stone hits you but does no damage. The hobgoblin closely misses you.
You see here a stone.
Things that are here:
2 stones; a giant cockroach corpse You see here a stone.
You see here 3 stones.
You open the door. The hobgoblin hits you.
You die...

#.....### #+# #.........
#.......# #.# #........#
#.#.#.#.# #.# #..!.....#
#.#>#.#.# #.# #.........
##.#.#.#.#+##+#####.# #........!
#...................####>###.....
#......(.....................K...
.......##)((...#########.########
.......##......'@g.g.K...#
.......##......###########
.###+#.########### ####### .#
#.#.# #####... ......##### .#
#.#.####.......#######.......#
.###...##......###.......###.....
.......#....###.............###..
#####.##...#......#######......#.
#.# #..<..### ###.....#


You could see 2 hobgoblins and a kobold.

Vanquished Creatures
  A leopard gecko (D:1)
  2 bats (D:1)
  A giant cockroach (D:1)
  A hobgoblin (D:1)
  A kobold (D:1)
  A ball python (D:1)
  3 rats (D:1)
10 creatures vanquished.

Notes
Turn   | Place    | Note
-------+----------+-------------------------------------------
     0 | D:1      | JoanKharjo the Demonspawn Arcane Marksman began the quest
                  | for the Orb.
     0 | D:1      | Reached XP level 1. HP: 15/15 MP: 2/2
   484 | D:1      | Gained mutation: You have a pair of small horns on your
                  | head. [demonic ancestry]
   484 | D:1      | Reached XP level 2. HP: 21/21 MP: 3/3
   619 | D:1      | HP: 1/21 [kobold/stone (3)]
   660 | D:1      | Slain by a hobgoblin

Levels and vault maps discovered:
D:1:      dpeg_arrival_oval, layout_basic, fountainhead

Skill      XL: |  1 |
---------------+----+-----
Bows           | 2 |  2.6
Fighting       | |  1.0
Dodging        | |  1.7
Spellcasting   | |  1.0
Hexes          | |  3.0

Action                   || total
-------------------------++-------
Melee: Hunting sling     ||    10
       Headbutt          ||     4
 Fire: Hunting sling     ||    66
Throw: Throwing net      ||     2
 Cast: Corona            ||    12
  Use: Scroll            ||     1
Armor: Robe              ||    38
Dodge: Dodged            ||    63

Table legend:
 A = Non-vault XP
 B = Vault XP
 C = Vault XP percentage of total XP
 D = Non-vault monster count
 E = Vault monster count
 F = Vault count percentage of total count
                 A         B        C        D         E       F
            +---------+---------+-------+---------+---------+-------
      Total |      16 |       0 |   0.0 |      10 |       0 |   0.0
            +---------+---------+-------+---------+---------+-------
        D:1 |      16 |       0 |   0.0 |      10 |       0 |   0.0
            +---------+---------+-------+---------+---------+-------
